[Event "*** SCC Grand Prix: Titled Tuesday Blitz"]
[Site "Chess.com"]
[Date "2020.09.29"]
[Round "9"]
[White "NotFischer"]
[Black "Alindsay211"]
[Result "1-0"]
[WhiteElo "2307"]
[BlackElo "2386"]
[TimeControl "180+1"]
[EndTime "11:43:43 PDT"]
[Termination "NotFischer won by resignation"]

1. e4 c5 2. Nc3 e6 3. g3 d5 4. exd5 exd5 5. d4 c4 6. Bg2 Nf6 7. Nge2 Be7 8. O-O O-O 9. Bg5 Be6 10. Nf4 Nc6 11. Re1 Qd7 12. Nxe6 fxe6 13. Bh3 Nd8 14. Qe2 Bb4 15. Bxe6+ Nxe6 16. Qxe6+ Qxe6 17. Rxe6 Bxc3 18. Bxf6 Rxf6 19. Rxf6 gxf6 20. bxc3 Re8 21. Kf1 Kf7 22.
Rb1 b6 23. a4 Rb8 24. a5 Ke6 25. axb6 axb6 26. f4 Kf5 27. Kf2 Ra8 28. Rxb6 Ra2 29. Kf3 Rxc2 30. g4+ Kg6 31. g5 Rxc3+ 32. Kg4 h5+ 33.
Kh4 Rd3 34. Rxf6+ Kg7 35. Kxh5 Rxd4 36. f5 Rf4 37. Rg6+ Kf7 38. Rf6+ Kg7 39. h4 c3 40. Rc6 d4 41. Rc7+ Kf8 42. Kg6 d3 43. Rxc3 Rd4 44. Rc8+ Ke7 45. f6+ 1-0

[Event "*** SCC Grand Prix: Titled Tuesday Blitz"]
[Site "Chess.com"]
[Date "2020.09.29"]
[Round "9"]
[White "valeriocarnicelli"]
[Black "Tooweak2slow03"]
[Result "0-1"]
[WhiteElo "2539"]
[BlackElo "2801"]
[TimeControl "180+1"]
[EndTime "11:43:44 PDT"]
[Termination "Tooweak2slow03 won on time"]

1. e4 h5 2. d4 a5 3. Nc3 b6 4.
Bc4 e6 5. Nf3 g6 6. O-O Ba6 7.
Qd3 Bxc4 8. Qxc4 Bg7 9. e5 Ne7 10. Bg5 O-O 11. Ne4 d5 12. exd6 cxd6 13. Nf6+ Bxf6 14.
Bxf6 Nd7 15. Bg5 Re8 16. Qd3 e5 17. dxe5 Nxe5 18. Qe2 Qc7 19. Nd4 Qc5 20. Be3 Nd5 21.
Nb3 Qc6 22. Rad1 Nc4 23. Nd4 Qc8 24. Qf3 Ndxe3 25. fxe3 Qd7 26. e4 Qe7 27. b3 Ne5 28. Qg3 Ng4 29. h3 Nf6 30. Nc6 Qe6 31. Rxd6 Nxe4 32.
Rxe6 Nxg3 33. Rxe8+ Rxe8 34. Rf3 Nf5 35. Kf2 Rc8 36.
Rxf5 Rxc6 37. Re5 Rxc2+ 38. Kf3 Rxa2 39. Rb5 Ra3 40. Ke4 a4 41. b4 Ra1 42. Rxb6 a3 43.
Ra6 a2 44. Kf4 Rf1+ 0-1

[Event "*** SCC Grand Prix: Titled Tuesday Blitz"]
[Site "Chess.com"]
[Date "2020.09.29"]
[Round "9"]
[White "Quiet_Desperation"]
[Black "PawnEatingZombie"]
[Result "0-1"]
[WhiteElo "2015"]
[BlackElo "2212"]
[TimeControl "180+1"]
[EndTime "11:43:47 PDT"]
[Termination "PawnEatingZombie won by resignation"]

1. e4 c6 2. d4 d5 3. exd5 cxd5 4. c4 Nf6 5. Nf3 g6 6. Nc3 Bg7 7. h3 O-O 8. Bf4 Nc6 9. Be2 b6 10. O-O Bb7 11. Rc1 dxc4 12. Bxc4 Na5 13. Be2 Rc8 14.
Nb5 Nd5 15. Bg3 a6 16. Nc3 b5 17. Ne5 Nxc3 18. bxc3 Bd5 19. a4 Nc4 20. axb5 axb5 21.
Nxc4 Bxc4 22. Re1 e6 23. Qd2 Bxe2 24. Qxe2 Qd5 25. Qd3 Rc4 26. Be5 Rfc8 27. Bxg7 Kxg7 28. Re5 Qc6 29. Rb1 Rxc3 30. Qxb5 Rc1+ 31. Kh2 Qxb5 32. Rbxb5 R1c2 33. Kg3 Rd2 34. d5 Rc3+ 35. f3 Rcc2 36.
dxe6 Rxg2+ 37. Kf4 fxe6 38. Rxe6 Rh2 39. Rb7+ Kh6 40. Ree7 g5+ 41. Kf5 Rc5+ 42. Kf6 Rc6+ 43. Kf5 Rc5+ 44. Kg4 Rc4+ 45. Kg3 Rh1 46. Re6+ 0-1

[Event "*** SCC Grand Prix: Titled Tuesday Blitz"]
[Site "Chess.com"]
[Date "2020.09.29"]
[Round "9"]
[White "deribas12345"]
[Black "eljanov"]
[Result "0-1"]
[WhiteElo "2635"]
[BlackElo "2815"]
[TimeControl "180+1"]
[EndTime "11:43:48 PDT"]
[Termination "eljanov won on time"]

1. d4 Nf6 2. c4 e6 3. Nc3 Bb4 4. a3 Bxc3+ 5. bxc3 c5 6. f3 O-O 7. e4 Ne8 8. Bd3 Nc6 9. Ne2 b6 10. O-O Ba6 11. e5 Na5 12. d5 d6 13. dxe6 fxe6 14.
Be4 Bb7 15. Bxb7 Nxb7 16. Ng3 dxe5 17. Qe2 Qc7 18. Rd1 Nf6 19. Bg5 Na5 20. Bxf6 gxf6 21. Ne4 f5 22. Ng5 Qe7 23. f4 e4 24. Qh5 Nxc4 25.
Qh6 Rf6 26. Rd7 Qxd7 27. Qxf6 Rf8 28. Qh6 Re8 29. Re1 Qg7 30. Qh5 Qg6 31. Qh4 h6 32. Nh3 Kh7 33. Rd1 Rg8 34. Ng5+ Kh8 35. Rd7 Ne5 0-1

[Event "*** SCC Grand Prix: Titled Tuesday Blitz"]
[Site "Chess.com"]
[Date "2020.09.29"]
[Round "9"]
[White "tdf98pantani"]
[Black "WPWPWP-2015"]
[Result "1-0"]
[WhiteElo "2643"]
[BlackElo "2437"]
[TimeControl "180+1"]
[EndTime "11:43:48 PDT"]
[Termination "tdf98pantani won on time"]

1. Nf3 Nf6 2. d4 e6 3. c4 d5 4. Nc3 c6 5. Bg5 h6 6. Bh4 dxc4 7. e4 g5 8. Bg3 b5 9. Be2 Bb7 10.
Qc2 Nbd7 11. h4 g4 12. Ne5 Qb6 13. Rd1 Rg8 14. O-O a6 15. Nxd7 Nxd7 16. d5 cxd5 17. exd5 Nc5 18. dxe6 Nxe6 19. Nd5 Bxd5 20. Rxd5 Be7 21. Qh7 Rg7 22. Qxh6 Qc6 23. Rfd1 Bf8 24. Qe3 Be7 25. Qe4 Rc8 26. Bxg4 b4 27. Be5 Rg8 28. Bh5 c3 29. bxc3 bxc3 30. Qf5 Rf8 31.
R5d3 c2 32. Rc1 Qb6 33. Rc3 Rxc3 34. Bxc3 1-0

[Event "*** SCC Grand Prix: Titled Tuesday Blitz"]
[Site "Chess.com"]
[Date "2020.09.29"]
[Round "9"]
[White "AlexSuv"]
[Black "Supernotar"]
[Result "0-1"]
[WhiteElo "2505"]
[BlackElo "2779"]
[TimeControl "180+1"]
[EndTime "11:43:48 PDT"]
[Termination "Supernotar won by resignation"]

1. d4 d5 2. c4 dxc4 3. Nf3 Nf6 4. e3 e6 5. Bxc4 a6 6. a4 c5 7. O-O Nc6 8. Qe2 cxd4 9. Rd1 Be7 10. exd4 O-O 11.
Nc3 Nb4 12. Bg5 Nfd5 13. Bxe7 Nxe7 14. Ne5 b6 15. Qf3 Rb8 16. Bb3 Bb7 17. Qh5 Nbd5 18.
Nxd5 Nxd5 19. Qg4 Rc8 20. Rd3 g6 21. Rh3 Kg7 22. Bxd5 Qxd5 23. Qg5 Kg8 24. Rg3 Qxd4 25. Ng4 Rfd8 26. h4 Qxb2 27. Re1 Qd2 28. Ree3 Qc1+ 29. Kh2 Rd1 30. Nh6+ Kf8 31. Rgf3 Bxf3 32. Qf6 Qc7+ 33.
Re5 Bd5 34. f4 Rd2 35. Ng4 Rxg2+ 36. Kh3 Qc3+ 37. Ne3 Qe1 38. Qh8+ Ke7 39. Nxd5+ Kd6 40. Rxe1 Rxh8 41. Kxg2 Kxd5 0-1

[Event "*** SCC Grand Prix: Titled Tuesday Blitz"]
[Site "Chess.com"]
[Date "2020.09.29"]
[Round "9"]
[White "chessmachine14"]
[Black "brunomorado"]
[Result "0-1"]
[WhiteElo "2278"]
[BlackElo "2378"]
[TimeControl "180+1"]
[EndTime "11:43:49 PDT"]
[Termination "brunomorado won by checkmate"]

1. e4 c5 2. Nf3 Nc6 3. d4 cxd4 4. Nxd4 e5 5. Nb5 d6 6. c4 Nf6 7. N1c3 a6 8. Na3 Be7 9. g3 O-O 10. Bg2 Be6 11. O-O Rc8 12. b3 Qa5 13. Bb2 Nd4 14. Qd2 b5 15. cxb5 d5 16. Nab1 Bb4 17. a3 Bxc3 18. Bxc3 Rxc3 19. Qxc3 Ne2+ 20. Kh1 Nxc3 21. b4 Qc7 22. Nxc3 Qxc3 23. bxa6 dxe4 24. b5 Bc4 25. Rfb1 Bd3 26. Rc1 Qa5 27. a4 Nd5 28. Rc5 Nb6 29. Rxe5 Qc3 30. Re1 Qxe1+ 31. Bf1 Qxf1# 0-1

[Event "*** SCC Grand Prix: Titled Tuesday Blitz"]
[Site "Chess.com"]
[Date "2020.09.29"]
[Round "9"]
[White "VMikhalevski"]
[Black "FairChess_on_YouTube"]
[Result "0-1"]
[WhiteElo "2719"]
[BlackElo "2933"]
[TimeControl "180+1"]
[EndTime "11:43:50 PDT"]
[Termination "FairChess_on_YouTube won by checkmate"]

1. d4 Nf6 2. Nf3 c5 3. d5 b5 4. c4 Bb7 5. Qb3 b4 6. Qc2 d6 7.
e4 Nbd7 8. h3 g6 9. Bf4 e5 10.
Bg5 Be7 11. Nbd2 Nxd5 12. cxd5 Bxg5 13. Nc4 Be7 14. h4 Qc7 15. a3 a5 16. h5 a4 17.
hxg6 fxg6 18. g3 b3 19. Qd1 Ba6 20. Rc1 O-O 21. Bh3 Nb6 22. Be6+ Kh8 23. Nxb6 Qxb6 24. Qd2 Qb5 25. Rc3 Rxf3 26. Rxf3 Bg5 27. Qd1 Qc4 28.
Re3 Bxe3 29. fxe3 Qxe4 30. Kd2 Rf8 31. Rh2 Qd3+ 32. Kc1 Rf1 33. Qxf1 Qxf1+ 34. Kd2 Qd3+ 35. Kc1 Qxe3+ 36. Rd2 Be2 37. Bh3 Qg1+ 38. Bf1 Qxf1+ 39. Rd1 Qxd1# 0-1

[Event "*** SCC Grand Prix: Titled Tuesday Blitz"]
[Site "Chess.com"]
[Date "2020.09.29"]
[Round "9"]
[White "ErikRonka"]
[Black "Legendinunknown"]
[Result "0-1"]
[WhiteElo "2476"]
[BlackElo "2652"]
[TimeControl "180+1"]
[EndTime "11:43:50 PDT"]
[Termination "Legendinunknown won on time"]

1. e4 e5 2. Nf3 Nc6 3. Bb5 a6 4. Ba4 Nf6 5. O-O Nxe4 6. d4 b5 7. Bb3 d5 8. dxe5 Be6 9. Qe2 Be7 10. Rd1 O-O 11. c4 bxc4 12. Bxc4 Bc5 13. Be3 Bxe3 14. Qxe3 Qb8 15. Bb3 Na5 16. Nbd2 Nxd2 17. Rxd2 Nxb3 18. axb3 Qb6 19. Rc2 Rfb8 20. Qxb6 Rxb6 21. Nd4 Rc8 22. Rac1 Rb4 23. Nc6 Rxb3 24. Ne7+ Kf8 25. Nxc8 Bxc8 26. Rxc7 Be6 27. R1c2 a5 28. R7c5 a4 29. Ra5 Rb4 30. f3 g5 31. Kf2 Kg7 32. Ke3 d4+ 33. Ke4 Kg6 34. Rd2 Bf5+ 35. Kd5 d3 36. Kc5 Rf4 37. Ra6+ Kg7 38. Kb5 g4 39. fxg4 Rxg4 40. g3 Re4 41.
Kb6 Re2 42. Rd1 d2 43. Kc7 Bc2 44. Rxd2 Rxd2 45. Rc6 Bb3 0-1

[Event "*** SCC Grand Prix: Titled Tuesday Blitz"]
[Site "Chess.com"]
[Date "2020.09.29"]
[Round "9"]
[White "MikeSailer"]
[Black "Sacbutt"]
[Result "0-1"]
[WhiteElo "2082"]
[BlackElo "2280"]
[TimeControl "180+1"]
[EndTime "11:43:50 PDT"]
[Termination "Sacbutt won on time"]

1. d4 Nf6 2. Nf3 e6 3. Bf4 c5 4. e3 Nc6 5. Be2 d5 6. Nc3 Bd6 7. Bxd6 Qxd6 8. Nb5 Qd8 9. dxc5 O-O 10. O-O Ne4 11. Nfd4 Nxc5 12. Nxc6 bxc6 13. Nd4 Bd7 14. c4 Rb8 15. Rb1 e5 16. Nb3 Nxb3 17. axb3 Be6 18. Ra1 Qb6 19. Qc2 Qxb3 20. Qxb3 Rxb3 21.
cxd5 cxd5 22. Rxa7 Rxb2 23. Bf3 d4 24. exd4 exd4 25.
Rd1 Rb4 26. Be4 g6 27. f3 Rd8 28. Bd3 Kg7 29. Rd2 Kf6 30. Kf2 Ke5 31. g3 Rdb8 32. f4+ Kd6 33. Kf3 h5 34. f5 gxf5 35. Kf4 Rb2 36. Rxb2 Rxb2 37. h4 Kc5 38. Bxf5 Rf2+ 39.
Kg5 Rxf5+ 40. Kh6 d3 0-1

[Event "*** SCC Grand Prix: Titled Tuesday Blitz"]
[Site "Chess.com"]
[Date "2020.09.29"]
[Round "9"]
[White "Sueetin"]
[Black "Rubinstein_Akiba"]
[Result "1-0"]
[WhiteElo "2305"]
[BlackElo "2378"]
[TimeControl "180+1"]
[EndTime "11:43:52 PDT"]
[Termination "Sueetin won by checkmate"]

1. d4 Nf6 2. c4 e6 3. Nc3 Bb4 4. e3 O-O 5. Ne2 d5 6. a3 Be7 7. cxd5 exd5 8. Nf4 c6 9. Bd3 Bd6 10. O-O Nbd7 11. g4 Nb6 12. f3 c5 13. dxc5 Bxc5 14.
b4 Bxe3+ 15. Bxe3 d4 16. Bxh7+ Nxh7 17. Qxd4 Nd7 18. Rad1 Ng5 19. Nh5 Ne6 20. Qd2 Qh4 21. Nd5 g6 22. Ng3 Ne5 23. Qc3 f6 24. Ne4 Nd7 25.
Ne7+ Kh8 26. Nxg6+ Kg8 27. Nxh4 Ne5 28. Nf5 Ng5 29.
h3 Ngxf3+ 30. Rxf3 Nxf3+ 31. Kg2 Bxf5 32. Kxf3 Bg6 33.
Qc4+ Bf7 34. Qc7 Rac8 35. Qf4 Rc4 36. Nxf6+ Kg7 37. Qh6# 1-0

[Event "*** SCC Grand Prix: Titled Tuesday Blitz"]
[Site "Chess.com"]
[Date "2020.09.29"]
[Round "9"]
[White "davidkalashian"]
[Black "abykhovsky"]
[Result "0-1"]
[WhiteElo "2592"]
[BlackElo "2741"]
[TimeControl "180+1"]
[EndTime "11:43:53 PDT"]
[Termination "abykhovsky won by checkmate"]

1. d4 Nf6 2. c4 c5 3. Nf3 cxd4 4.
Nxd4 Nc6 5. g3 Qb6 6. Nb3 Ne5 7. Bg2 Nxc4 8. O-O e6 9. Nc3 d5 10. e4 dxe4 11. Nxe4 Nxe4 12. Bxe4 Be7 13. Bf4 e5 14. Bc1 Be6 15. Qf3 Nd6 16. Be3 Qb5 17. Nc5 Bh3 18.
Nxb7 Nxe4 19. Qxe4 Rb8 20. Nc5 Bxf1 21. a4 Qb6 22. Rxf1 O-O 23. Nd7 Qb7 24. Qxb7 Rxb7 25. Nxf8 Kxf8 26. Rc1 f6 27. Rc6 a5 28. Bd2 Bb4 29.
Bxb4+ Rxb4 30. Ra6 Rxa4 31. Ra7 h5 32. Kg2 g5 33. h4 gxh4 34. gxh4 Rxh4 35. Rxa5 Rb4 36.
Ra8+ Kf7 37. Ra7+ Kg6 38. Ra2 Kf5 39. Kf3 Rb3+ 40. Kg2 Kf4 41. Kh2 e4 42. Kg2 f5 43.
Kh2 h4 44. Kg2 h3+ 45. Kh2 Kf3 46. Ra3 Rxa3 47. bxa3 Kxf2 48. a4 e3 49. a5 e2 50.
a6 e1=Q 51. a7 Qg1+ 52. Kxh3 Qg3# 0-1

[Event "*** SCC Grand Prix: Titled Tuesday Blitz"]
[Site "Chess.com"]
[Date "2020.09.29"]
[Round "9"]
[White "CM_rui"]
[Black "kidagent"]
[Result "0-1"]
[WhiteElo "2372"]
[BlackElo "2299"]
[TimeControl "180+1"]
[EndTime "11:43:54 PDT"]
[Termination "kidagent won on time"]

1. e4 c5 2. Nf3 d6 3. d4 cxd4 4. Nxd4 Nf6 5. f3 a6 6. c4 e5 7. Nc2 Be7 8. Nc3 O-O 9. Be2 Be6 10. Be3 Nc6 11. O-O Rc8 12. Rc1 Nd7 13. b3 f5 14. Qd2 f4 15. Bf2 g5 16. h3 h5 17.
Rfd1 Kh7 18. Nd5 Bxd5 19. exd5 Ncb8 20. Bd3+ Kh6 21. Qe2 Nf6 22. Ne1 Rg8 23. Bb1 Nbd7 24. Qc2 Nf8 25. h4 g4 26. fxg4 Nxg4 27. Nf3 Nxf2 28.
Kxf2 Bxh4+ 29. Kf1 Rc7 30. Qf5 Rcg7 31. Rd2 Be7 32. c5 Qd7 33. Qe4 Qg4 34. cxd6 Bxd6 35. Nxe5 Qh4 36. Nf3 Qh1+ 37. Ng1 Qh4 38. Rc8 Re7 0-1

[Event "*** SCC Grand Prix: Titled Tuesday Blitz"]
[Site "Chess.com"]
[Date "2020.09.29"]
[Round "9"]
[White "dyziotomi99"]
[Black "fighter2jz"]
[Result "0-1"]
[WhiteElo "2473"]
[BlackElo "2650"]
[TimeControl "180+1"]
[EndTime "11:43:56 PDT"]
[Termination "fighter2jz won by checkmate"]

1. d4 Nf6 2. c4 g6 3. f3 e5 4. d5 Bc5 5. Nc3 d6 6. Bg5 h6 7. Bh4 g5 8. Bg3 h5 9. e4 g4 10.
Qd2 gxf3 11. Nxf3 Ng4 12. Bh4 Qd7 13. h3 Ne3 14. Qe2 f5 15. Bf2 f4 16. a3 a5 17.
Nd1 Nxf1 18. Rxf1 Na6 19. Ng5 Qg7 20. h4 Bg4 21. Qc2 O-O-O 22. Bxc5 dxc5 23. Nf2 Bd7 24. O-O-O Rh6 25. Nd3 Re8 26. Qc3 Qe7 27. Qxa5 Rb6 28. Qc3 Bg4 29. Rd2 Kb8 30. g3 fxg3 31. Rf7 Qd8 32. Nxe5 Rf6 33. Nxg4 hxg4 34. Qxg3 Rxf7 35. Nxf7 Qf6 36. Rf2 Qd4 37. Ng5 Qxc4+ 38. Kb1 Qd4 39. h5 c4 40. Rc2 Nc5 41. h6 Nb3 42. Ne6 Qd1+ 43. Ka2 Qa1# 0-1

[Event "*** SCC Grand Prix: Titled Tuesday Blitz"]
[Site "Chess.com"]
[Date "2020.09.29"]
[Round "9"]
[White "korkmaz16"]
[Black "beto-betun"]
[Result "1-0"]
[WhiteElo "2330"]
[BlackElo "2145"]
[TimeControl "180+1"]
[EndTime "11:43:56 PDT"]
[Termination "korkmaz16 won by resignation"]

1. e4 c5 2. Nc3 Nc6 3. f4 g6 4. Nf3 Bg7 5. Bb5 Nd4 6. O-O a6 7. Bd3 e6 8. Nxd4 cxd4 9. Ne2 Ne7 10. b4 d5 11. e5 O-O 12. Bb2 Qb6 13. a3 a5 14. Bxd4 Qc7 15. Bc5 axb4 16. axb4 Rxa1 17. Qxa1 Rd8 18. Nd4 Nc6 19. Nb5 Qd7 20. Nd6 Bf8 21. Bb5 Bh6 22. Qa4 Bf8 23. d4 Be7 24. Ra1 Kg7 25.
c3 f6 26. Bf1 f5 27. b5 Nb8 28.
Qa7 Qc7 29. Bb6 Qxc3 30. Bxd8 Bxd8 31. Rd1 Nd7 32. Qa8 Bb6 33. Qxc8 Bxd4+ 34. Kh1 Qe3 35. Bc4 Nc5 36. Qc7+ Kh6 37. Nf7+ Kh5 38. Ng5 Ne4 39. Qxh7+ Kg4 40. Qh3+ Qxh3 41. Nxh3 Be3 42. Bd3 Bxf4 43. Bxe4 fxe4 44. Nxf4 Kxf4 45. Kg1 Kxe5 46. Kf2 d4 47. Rc1 Kd5 48. Rc7 e5 49. Rxb7 e3+ 50. Ke2 Kc4 51.
Rd7 Kxb5 52. Rd5+ Kc4 53. Rxe5 d3+ 54. Kxe3 Kc3 55. Rd5 d2 56. Rxd2 g5 57. Rd5 g4 1-0

[Event "*** SCC Grand Prix: Titled Tuesday Blitz"]
[Site "Chess.com"]
[Date "2020.09.29"]
[Round "9"]
[White "Gulkov_Igor"]
[Black "Harry_Rakkel"]
[Result "1-0"]
[WhiteElo "2457"]
[BlackElo "2552"]
[TimeControl "180+1"]
[EndTime "11:43:57 PDT"]
[Termination "Gulkov_Igor won by checkmate"]

1. Nf3 d5 2. d4 Nf6 3. c4 e6 4. Nc3 Nbd7 5. Bg5 Be7 6. e3 O-O 7. Rc1 a6 8. cxd5 exd5 9. Bd3 c6 10. Qc2 Re8 11. O-O Nf8 12. Rce1 Ng6 13. Ne5 Ng4 14.
Bxe7 Qxe7 15. Nxg4 Bxg4 16. f4 Nf8 17. f5 f6 18. e4 Qb4 19. Qf2 dxe4 20. Bxe4 Rad8 21.
d5 cxd5 22. Bxd5+ Kh8 23. a3 Qa5 24. Bxb7 Rxe1 25. Rxe1 Bxf5 26. Bxa6 Qxa6 27. Qxf5 Rb8 28. Qf2 Ng6 29. h3 Ne5 30. Re2 h6 31. Ne4 Qc6 32.
b4 Qc1+ 33. Kh2 Qxa3 34. Nxf6 Nd3 35. Qf5 Qxb4 36. Qh7# 1-0

[Event "*** SCC Grand Prix: Titled Tuesday Blitz"]
[Site "Chess.com"]
[Date "2020.09.29"]
[Round "9"]
[White "Korchmar_Vasiliy"]
[Black "Oligan22"]
[Result "1-0"]
[WhiteElo "2563"]
[BlackElo "2423"]
[TimeControl "180+1"]
[EndTime "11:43:57 PDT"]
[Termination "Korchmar_Vasiliy won by checkmate"]

1. e4 c6 2. Nc3 d5 3. Nf3 dxe4 4. Nxe4 Nf6 5. Nxf6+ exf6 6. d4 Bd6 7. Bd3 O-O 8. O-O Re8 9. h3 Nd7 10. c3 Nf8 11.
Bd2 Be6 12. Qc2 Qd7 13. Rfe1 Ng6 14. Re2 Bxh3 15. Rxe8+ Rxe8 16. Bxg6 Qg4 17. Bxh7+ Kh8 18. Nh4 g6 19. Nxg6+ Kg7 20. Nh4 Rh8 21. Bf5 Qxh4 22. Bxh3 Kf8 23. Qf5 Rg8 24. Re1 Rg6 25. Qd7 Kg7 26.
Qxd6 Qxh3 27. Qh2 Qg4 28. Bf4 Qf5 29. Qh4 Qc2 30. Re8 Qd1+ 31. Kh2 Rg4 32. Qh6# 1-0

[Event "*** SCC Grand Prix: Titled Tuesday Blitz"]
[Site "Chess.com"]
[Date "2020.09.29"]
[Round "9"]
[White "OlaaLa"]
[Black "TimKett"]
[Result "0-1"]
[WhiteElo "2292"]
[BlackElo "2182"]
[TimeControl "180+1"]
[EndTime "11:43:57 PDT"]
[Termination "TimKett won by resignation"]

1. e4 e5 2. Nf3 Nc6 3. Bc4 Nf6 4. d3 d5 5. exd5 Nxd5 6. O-O Be7 7. Re1 Bg4 8. h3 Bh5 9. g4 Bg6 10. Nxe5 Nxe5 11.
Rxe5 Nb6 12. Qe2 Nxc4 13. dxc4 f6 14. Re3 Kf7 15. Nc3 Bc5 16. Rg3 Re8 17. Be3 Bxe3 18. Rxe3 Rxe3 19. Qxe3 Bxc2 20. Nd5 c6 21. Nf4 Qe7 22.
Qc3 Qe4 23. Ng2 Rd8 24. Ne3 Rd3 25. Qe1 Qf4 26. Nxc2 Rxh3 27. Ne3 h5 28. gxh5 Qg5+ 29. Ng2 Qxh5 30. Nf4 Rh1+ 31. Kg2 Qh2+ 32. Kf3 Rxe1 33. Rxe1 g5 34. Ne6 Qh3+ 0-1

[Event "*** SCC Grand Prix: Titled Tuesday Blitz"]
[Site "Chess.com"]
[Date "2020.09.29"]
[Round "9"]
[White "nitpicker"]
[Black "Nachsueb"]
[Result "1-0"]
[WhiteElo "2235"]
[BlackElo "2012"]
[TimeControl "180+1"]
[EndTime "11:43:59 PDT"]
[Termination "nitpicker won by resignation"]

1. d4 Nf6 2. c4 c5 3. d5 e6 4.
Nc3 exd5 5. cxd5 d6 6. e4 g6 7. Bd3 Bg7 8. h3 O-O 9. Nf3 Re8 10. O-O c4 11. Bc2 b5 12. a3 Nbd7 13. Nd4 a6 14.
Be3 Nc5 15. Nc6 Qb6 16. a4 Bb7 17. a5 Qc7 18. Bxc5 dxc5 19. e5 Nxd5 20. Nxd5 Qxc6 21. Be4 Kh8 22. Nf6 Qc7 23. Bxb7 Qxb7 24. Nxe8 Rxe8 25. f4 f6 26. Re1 fxe5 27. fxe5 Bxe5 28. Rxe5 Rxe5 29.
Qd8+ Kg7 30. Rd1 Re7 31. Qd6 Re2 32. Qg3 Rxb2 33. Qe5+ Kh6 34. Qxb2 b4 35. Qc1+ Kg7 36. Qxc4 b3 37. Rb1 Qe7 38. Qxb3 Qe5 39. Qb2 1-0

[Event "*** SCC Grand Prix: Titled Tuesday Blitz"]
[Site "Chess.com"]
[Date "2020.09.29"]
[Round "9"]
[White "Morshynska"]
[Black "canary2016"]
[Result "1-0"]
[WhiteElo "2192"]
[BlackElo "1924"]
[TimeControl "180+1"]
[EndTime "11:43:59 PDT"]
[Termination "Morshynska won on time"]

1. Nf3 d5 2. g3 Bg4 3. Bg2 Nf6 4. Ne5 Bf5 5. c4 c6 6. cxd5 cxd5 7. Qb3 Nbd7 8. d4 Nb6 9. Nc3 e6 10. a4 Qc7 11.
Bf4 Bd6 12. Nb5 Qb8 13. Nxd6+ Qxd6 14. Nxf7 Qe7 15. Nxh8 Kf8 16. h3 Kg8 17. g4 Be4 18. f3 Kxh8 19. fxe4 Nxe4 20. O-O Rf8 21. Be5 Rd8 22. Qd3 Ng5 23. b3 Nd7 24. Bg3 Nf6 25.
Bh4 h6 26. Rac1 Qd6 27. Qg3 Qb6 28. Rfd1 Rf8 29. Kh2 Nge4 30. Qe3 Nd6 31. Bxf6 Rxf6 32. Rf1 Rg6 33. Qe5 Nc4 34. bxc4 dxc4 35. Rxc4 Qb3 36. Rc8+ Kh7 37. Rff8 Rf6 38. Rxf6 gxf6 39. Qxf6 1-0

[Event "*** SCC Grand Prix: Titled Tuesday Blitz"]
[Site "Chess.com"]
[Date "2020.09.29"]
[Round "9"]
[White "szachuspl"]
[Black "AlexOstrovskiy"]
[Result "0-1"]
[WhiteElo "2553"]
[BlackElo "2750"]
[TimeControl "180+1"]
[EndTime "11:44:00 PDT"]
[Termination "AlexOstrovskiy won by resignation"]

1. d4 Nf6 2. c4 e5 3. dxe5 Ng4 4. e4 Nxe5 5. f4 Nec6 6. Nf3 Bc5 7. Bd3 d6 8. Nc3 O-O 9. a3 a5 10. Qe2 Bg4 11. Be3 Nd7 12. O-O-O Re8 13. Bc2 Nb4 14. axb4 axb4 15. Nb1 b3 16. Bd3 Ra1 17. Bxc5 Nxc5 18. h3 Bxf3 19. Qxf3 Qa8 20. Rhe1 c6 21. Rd2 b5 22. cxb5 cxb5 23. Kd1 Qa2 24. Ke2 Nxe4 25.
Qxe4 Rxe4+ 26. Bxe4 b4 27. Red1 g6 28. g4 Kg7 29. g5 Qa6+ 30. Kf3 Qb6 31. Rxd6 Qc5 32.
R6d3 Qc8 33. Kg3 Qc4 34. R3d2 Qxe4 35. Nc3 Qe3+ 36. Kg4 bxc3 0-1

[Event "*** SCC Grand Prix: Titled Tuesday Blitz"]
[Site "Chess.com"]
[Date "2020.09.29"]
[Round "9"]
[White "dpopadic"]
[Black "carlsen1001"]
[Result "0-1"]
[WhiteElo "2333"]
[BlackElo "2438"]
[TimeControl "180+1"]
[EndTime "11:44:00 PDT"]
[Termination "carlsen1001 won on time"]

1. e4 c5 2. Nc3 e6 3. d3 Nc6 4. g4 g6 5. Bg2 Bg7 6. Nh3 Nge7 7. O-O d5 8. f4 O-O 9. e5 a6 10. Bd2 b5 11. Ne2 Bb7 12. Ng3 f5 13. gxf5 Nxf5 14.
Nxf5 Rxf5 15. Ng5 Qe7 16. Bh3 Rxg5+ 17. fxg5 Nxe5 18. Bg2 Nc6 19. c3 Rd8 20. Qe2 e5 21. Rae1 Kh8 22. Qg4 Bc8 23. Qf3 Bf5 24. Bh3 e4 25. Qg2 Bxh3 26. Qxh3 Ne5 27. dxe4 dxe4 28. Bc1 Qb7 29. Re2 Nf3+ 30. Kh1 b4 31. Qe6 bxc3 32.
bxc3 Ne5 33. Be3 Nf3 34. Bxc5 e3 35. Qh3 Nd2+ 36. Qg2 Qxg2+ 37. Kxg2 Nxf1 38. Kxf1 Bxc3 39. Rxe3 Bg7 40. Be7 Rd1+ 41. Ke2 Ra1 42. Ra3 Kg8 43. Rxa6 Rh1 44. Bd6 Rg1 45. Bf4 Rg2+ 46. Kf3 Rb2 47.
a4 Bf8 48. Ra8 Kf7 49. a5 Bc5 50. a6 Ke6 0-1

[Event "*** SCC Grand Prix: Titled Tuesday Blitz"]
[Site "Chess.com"]
[Date "2020.09.29"]
[Round "9"]
[White "Trickov"]
[Black "xberli"]
[Result "0-1"]
[WhiteElo "2358"]
[BlackElo "2586"]
[TimeControl "180+1"]
[EndTime "11:44:01 PDT"]
[Termination "xberli won on time"]

1. d4 Nf6 2. Nf3 g6 3. c4 Bg7 4.
g3 O-O 5. Bg2 c6 6. O-O d6 7.
Nc3 Bf5 8. Nh4 Be6 9. d5 cxd5 10.
cxd5 Bd7 11. e4 a5 12. h3 Na6 13. Be3 b5 14. a3 Rb8 15. Qe2 Qc8 16. Rac1 Qb7 17.
Bd4 b4 18. axb4 axb4 19. Nb1 Bb5 20. Qe3 Bxf1 21. Bxf1 Nd7 22. Nd2 Rfc8 23. Ra1 Nac5 24. Bxg7 Kxg7 25. Qg5 Nf6 26. Nf5+ Kh8 27. Nxd6 exd6 28.
Qxf6+ Kg8 29. Qxd6 b3 30. Rc1 Qb4 31. Nc4 Nxe4 32. Qxb4 Rxb4 33. Rd1 Rbxc4 34. Bxc4 Rxc4 35. d6 Nxd6 36. Rxd6 Rc2 37. h4 Rxb2 38. h5 Kg7 39. hxg6 fxg6 40. Rd7+ Kh6 41. Kg2 Rc2 42. Rb7 b2 43.
Kf3 Kg5 0-1

[Event "*** SCC Grand Prix: Titled Tuesday Blitz"]
[Site "Chess.com"]
[Date "2020.09.29"]
[Round "9"]
[White "giantslayer83"]
[Black "pedromartinez91"]
[Result "0-1"]
[WhiteElo "2693"]
[BlackElo "2491"]
[TimeControl "180+1"]
[EndTime "11:44:02 PDT"]
[Termination "pedromartinez91 won by resignation"]

1. c4 Nf6 2. Nc3 g6 3. d4 Bg7 4.
g3 O-O 5. Bg2 c5 6. d5 d6 7. Nf3 e6 8. O-O exd5 9. cxd5 Na6 10.
Nd2 Nc7 11. a4 a6 12. a5 Bd7 13. Nc4 Bb5 14. Nb6 Rb8 15. Re1 Nd7 16. Qb3 Re8 17. Bf4 Ne5 18. Rad1 h5 19. Qc2 Na8 20. Nxb5 axb5 21.
Bxe5 Bxe5 22. e3 Nxb6 23. axb6 Qxb6 24. f4 Bf6 25. e4 c4+ 26. Kh1 Qc5 27. e5 dxe5 28.
f5 g5 29. Be4 Red8 30. Qe2 Kg7 31. Qxh5 b4 32. Re2 c3 33. b3 Ra8 34. Qg4 Kf8 35.
Kg2 Ra3 36. Qh5 Rxb3 37. Qh6+ Ke7 38. Ra1 Qc4 39. Kf2 Rb2 40. Rxb2 cxb2 41. Ra7 Qd4+ 42.
Kf3 Qxa7 43. d6+ Rxd6 44. h4 gxh4 45. g4 Qg1 46. g5 Qxg5 0-1

[Event "*** SCC Grand Prix: Titled Tuesday Blitz"]
[Site "Chess.com"]
[Date "2020.09.29"]
[Round "9"]
[White "artichaud"]
[Black "ClydeHillKid"]
[Result "0-1"]
[WhiteElo "2219"]
[BlackElo "2365"]
[TimeControl "180+1"]
[EndTime "11:44:02 PDT"]
[Termination "ClydeHillKid won on time"]

1. e4 e6 2. d4 d5 3. Nc3 Nf6 4.
e5 Nfd7 5. Nce2 c5 6. c3 Nc6 7. f4 f6 8. Nf3 fxe5 9. fxe5 cxd4 10. cxd4 Be7 11. Nf4 Nf8 12. a3 Ng6 13. Nxg6 hxg6 14.
Bd3 O-O 15. Bxg6 Bd7 16. O-O Be8 17. Bc2 Bh5 18. Qd3 Rf5 19. Bd2 Rc8 20. h3 Bg6 21. Rac1 Qb6 22. Qc3 Rcf8 23. Bxf5 Bxf5 24. Be3 Qb5 25. Bg5 Bxg5 26. Nxg5 Qe2 27. Rf2 Qh5 28. Nf3 Be4 29. Nd2 Rxf2 30. Kxf2 Qh4+ 31. Kg1 Bf5 32.
Nb3 Qg5 33. Kh2 Qf4+ 34. Qg3 Qe4 35. Re1 Qc2 0-1